Map: New Repugnancy LE

Players

pHARM

  • Race: Zerg Zerg
  • League: Platinum
  • Spawn Location: 7:00

Dresden - Winner!

  • Race: Protoss Protoss
  • League: Diamond
  • Spawn Location: 1:00

VOD

Have the link to the VOD?

Description

Time

  • Played on: Aug. 7, 2019, 11:59 p.m.
  • Length: 18:04
Show
View Real Time Build Order
Export as new Build Order

pHARM Zerg 

Build Orders: Hatch First, Roach Hydra 

Get SALT Encoding   

  12  0:01  Drone  
  13  0:18  Overlord  
  13  0:19  Drone  
  14  0:36  Drone  
  14  0:37  Drone  
  16  0:53  Hatchery  
  16  0:56  Drone x2  
  17  1:03  Drone  
  18  1:16  Drone  
  19  1:22  Spawning Pool  
  19  1:24  Drone  
  19  1:35  Drone  
  20  1:46  Overlord  
  20  1:49  Extractor  
  19  1:55  Drone  
  20  2:06  Drone  
  20  2:07  Drone  
  22  2:10  Queen x2  
  26  2:17  Drone x2  
  28  2:28  Drone x2  
  30  2:39  Drone x2  
  32  2:55  Drone  
  32  2:56  Drone  
  34  3:05  Queen  
  34  3:07  Lair  
  34  3:10  Overlord  
  36  3:22  Evolution Chamber  
  35  3:31  Roach Warren  
  34  3:36  Drone  
  34  3:37  Drone x9  
  34  3:38  Evolution Chamber  
  43  3:48  Zerg Missile Weapons Level 1  
  43  3:51  Extractor  
  43  3:52  Overlord, Extractor  
  43  3:53  Drone  
  43  3:54  Drone x2  
  44  4:04  Spore Crawler  
  44  4:07  Spore Crawler  
  42  4:11  Glial Reconstitution, Drone x4  
  46  4:44  Drone  
  46  4:45  Drone x5  
  52  4:58  Overlord x3  
  52  5:25  Roach  
  52  5:26  Roach x7  
  52  5:28  Overlord x2  
  68  5:50  Roach x5  
  68  5:51  Hatchery  
  68  5:52  Roach x3  
  83  6:07  Overlord x2  
  57  6:48  Hydralisk Den, Zerg Missile Weapons Level 2  
  57  6:49  Zerg Ground Armor Level 1  
  50  6:58  Drone x14  
  50  6:59  Drone  
  65  7:12  Spore Crawler  
  65  7:14  Drone  
  65  7:15  Drone x5  
  70  7:19  Grooved Spines  
  70  7:28  Extractor  
  69  7:32  Extractor  
  69  7:33  Hydralisk x6  
  80  7:41  Drone x2  
  80  7:43  Hatchery  
  81  7:59  Hydralisk x4  
  81  8:00  Hydralisk x4  
  81  8:02  Overlord  
  97  8:13  Overlord x3, Extractor  
  96  8:29  Infestation Pit  
  96  8:31  Muscular Augments  
  96  8:32  Overlord, Hydralisk  
  96  8:33  Hydralisk x4  
  105  8:55  Overlord x2, Hydralisk  
  105  8:56  Hydralisk x6  
  119  9:30  Zerg Ground Armor Level 2, Hatchery  
  118  9:32  Extractor  
  118  9:34  Extractor  
  110  9:57  Drone  
  110  9:58  Drone x19  
  130  10:05  Hive  
  130  10:07  Spire  
  129  10:40  Overlord  
  129  10:41  Overlord x8  
  129  10:42  Overlord x4  
  129  11:14  Extractor  
  129  11:15  Hatchery  
  129  11:16  Extractor  
  126  11:19  Greater Spire, Corruptor  
  126  11:20  Corruptor x14  
  156  11:48  Corruptor x5  
  130  12:46  Hydralisk x22  
  138  12:55  Zergling x10  
  138  12:56  Zergling x16  
  137  13:15  Pathogen Glands  
  137  13:47  Infestor x6  
  149  13:53  Drone x3  
  152  14:04  Hatchery  
  152  14:07  Extractor x2  
  149  14:43  Infestor  
  149  14:44  Infestor x7  
  165  15:08  Infestor  
  165  15:09  Infestor x3  
  165  15:11  Corruptor  
  175  15:31  Burrow  
  175  15:38  Corruptor  
  175  15:39  Corruptor x7  
  191  15:45  Zerg Flyer Armor Level 1  
  191  15:59  Neural Parasite  
  191  16:05  Overseer x3  
  181  16:20  Corruptor x7  
  147  16:49  Corruptor x6  
  103  17:22  Infestor  
  103  17:23  Infestor x4  
Show
View Real Time Build Order
Export as new Build Order

Dresden Protoss - Winner!

Build Orders: 1 Gate Expand, Oracle Opening, Carriers 

Get SALT Encoding   

  12  0:00  Probe  
  13  0:13  Probe  
  14  0:22  Pylon  
  14  0:29  Probe  
  15  0:42  Probe, Gateway  
  16  0:50  Probe  
  17  0:59  Assimilator  
  17  1:00  Probe  
  18  1:13  Probe  
  19  1:25  Nexus  
  19  1:36  Probe  
  19  1:37  Cybernetics Core  
  19  1:47  Probe, Pylon  
  21  1:58  Assimilator  
  21  1:59  Probe  
  22  2:11  Probe  
  23  2:22  Stargate  
  23  2:27  Adept  
  25  2:40  Probe  
  25  2:41  Probe  
  25  2:43  Warp Gate  
  26  2:58  Probe  
  27  3:08  Probe x2  
  27  3:10  Oracle  
  32  3:16  Probe x2  
  32  3:20  Pylon  
  32  3:25  Assimilator, Probe x2  
  34  3:29  Assimilator  
  34  3:33  Robotics Facility  
  36  3:37  Probe  
  36  3:38  Probe  
  38  3:50  Probe  
  38  3:55  Void Ray  
  43  3:58  Probe  
  43  4:02  Probe  
  45  4:09  Pylon  
  45  4:11  Probe  
  45  4:14  Probe, Pylon  
  47  4:23  Probe  
  48  4:26  Probe  
  49  4:37  Probe  
  50  4:39  Void Ray  
  50  4:43  Immortal  
  58  4:50  Stargate  
  58  4:51  Twilight Council  
  58  4:52  Probe  
  59  4:54  Probe  
  60  5:04  Probe  
  60  5:06  Probe  
  62  5:17  Probe  
  63  5:23  Pylon  
  63  5:25  Pylon  
  63  5:27  Immortal  
  67  5:32  Gateway  
  67  5:34  Gateway  
  67  6:00  Probe x2  
  67  6:01  Robotics Bay  
  69  6:04  Nexus  
  69  6:07  Pylon  
  63  6:42  Assimilator, Adept  
  63  6:47  Assimilator  
  65  6:53  Immortal  
  69  7:10  Shield Battery  
  69  7:15  Shield Battery  
  69  7:16  Pylon  
  69  7:17  Probe x2  
  69  7:21  Probe  
  72  7:27  Extended Thermal Lance, Fleet Beacon  
  72  7:29  Probe  
  73  7:32  Colossus  
  73  7:33  Probe  
  73  7:34  Probe  
  81  7:38  Void Ray x2  
  81  7:41  Probe  
  90  7:45  Probe  
  91  7:55  Forge  
  91  7:56  Forge  
  91  8:13  Protoss Air Weapons Level 1  
  91  8:28  Probe x3  
  94  8:44  Protoss Ground Armor Level 1, Protoss Ground Weapons Level 1  
  94  8:47  Colossus  
  94  8:55  Void Ray x2  
  102  9:01  Zealot  
  102  9:02  Zealot x2  
  114  9:17  Templar Archives  
  112  9:44  Zealot x2  
  112  9:45  Shield Battery  
  116  9:59  Pylon  
  116  10:00  Pylon  
  116  10:02  Pylon  
  116  10:04  Pylon  
  116  10:10  Pylon  
  116  10:12  Colossus, Pylon  
  116  10:14  Nexus  
  116  10:16  Psionic Storm  
  116  10:18  Protoss Air Weapons Level 2, Carrier  
  116  10:19  Carrier  
  128  10:21  Pylon  
  128  10:28  Pylon  
  134  10:29  High Templar x2  
  134  10:32  Pylon  
  134  10:33  Archon  
  138  11:08  Assimilator x2  
  138  11:11  Pylon x2  
  138  11:22  Carrier  
  138  11:23  Carrier  
  150  11:49  Protoss Ground Armor Level 2  
  150  11:54  High Templar x3  
  152  11:55  Stargate  
  152  11:57  Stargate  
  152  11:58  Protoss Ground Weapons Level 2  
  156  12:11  Gateway  
  156  12:14  Gateway  
  156  12:16  Gateway  
  146  12:47  Archon  
  138  13:02  Carrier x4, Probe x4  
  138  13:05  Zealot x2  
  144  13:06  Zealot  
  172  13:14  Probe  
  172  13:16  Protoss Air Weapons Level 3  
  173  13:21  High Templar x3  
  179  13:35  Pylon  
  179  13:44  High Templar  
  179  13:45  High Templar  
  179  13:46  Zealot  
  185  14:00  Zealot x3  
  191  14:12  Robotics Facility  
  188  14:42  High Templar x3  
  188  14:43  High Templar  
  188  14:44  High Templar x2  
  200  14:46  Archon  
  200  14:47  Archon  
  200  14:48  Archon  
  200  14:54  Observer  
  199  15:13  Observer  
  199  15:17  Pylon  
  199  15:19  Pylon  
  200  15:22  Photon Cannon  
  200  15:23  Photon Cannon  
  200  15:25  Photon Cannon  
  200  15:27  Photon Cannon  
  200  15:29  Photon Cannon x2  
  200  15:30  Photon Cannon  
  200  15:33  Photon Cannon  
  200  15:35  Photon Cannon x2  
  200  15:36  Photon Cannon  
  200  15:37  Photon Cannon x2  
  200  15:38  Photon Cannon  
  188  16:50  High Templar  
  188  16:51  High Templar x3  
  188  16:52  High Templar x2  
  194  17:20  Observer  
  195  17:38  Observer  
  195  17:41  Nexus  
Tags
 
Add a new tag
Caveats
  • Supply blocks, unpowered buildings, or Contaminate may cause inaccurate times.
  • Supply counts are checked every 10 seconds.